 Dungeon Crawl Stone Soup version 0.30-a0-242-g7bf8e6d787 (webtiles) character file.

Game seed: 2440434351314905157

61 greasedhog the Trooper (level 4, -30/41 HPs)
             Began as a Hill Orc Fighter on Oct 12, 2022.
             Engulfed by a cloud of flame (32 damage)
             ... on level 2 of the Dungeon.
             The game lasted 00:01:18 (684 turns).

greasedhog the Trooper (Hill Orc Fighter)            Turns: 684, Time: 00:01:19

Health: -30/41     AC:  6    Str: 20    XL:     4   Next: 7%
Magic:  4/4        EV:  9    Int:  8    God:
Gold:   43         SH:  4    Dex: 10    Spells: 3/3 levels left

rFire   . . .      SeeInvis .    a - +0 war axe
rCold   . . .      Faith    .    c - +0 buckler
rNeg    . . .      Spirit   .    b - +0 scale mail
rPois   .          Reflect  .    (no helmet)
rElec   .          Harm     .    (no cloak)
rCorr   .          Rampage  .    (no gloves)
Will    .....                    (no boots)
Stlth   ..........               (no amulet)
HPRegen 0.26/turn                (no ring)
MPRegen 0.09/turn                (no ring)

@: no status effects
A: no striking features
a: no special abilities


You were on level 2 of the Dungeon.
You visited 1 branch of the dungeon, and saw 2 of its levels.

You collected 43 gold pieces.

Inventory:

Hand Weapons
 a - a +0 war axe (weapon)
Armour
 b - a +0 scale mail (worn)
 c - a +0 buckler (worn)
Jewellery
 e - an amulet of the acrobat
Potions
 d - a potion of might
 h - a potion of heal wounds {unknown}
 j - a potion of mutation {unknown}


   Skills:
 * Level 4.8 Fighting
 * Level 4.4 Axes
 - Level 3.2 Armour
 - Level 3.2 Shields


You had 3 spell levels left.
You didn't know any spells.
Your spell library was empty.

Dungeon Overview and Level Annotations

Branches:
Dungeon (2/15)

Altars:


Message History

The ball python attacks as you move away!
The ball python bites you but does no damage.
You block the ball python's attack. The bat hits you but does no damage.
The ball python barely misses you. The ball python grabs you.
The ball python constricts you.
You escape the ball python's grasp.
The bat hits you but does no damage.
Found a robe and 3 stones.
You block the bat's attack.
The ball python attacks as you move away!
You block the ball python's attack. The ball python closely misses you.
The bat hits you but does no damage. The bat hits you but does no damage.
The bat hits you.
The ball python bites you but does no damage.
The ball python grabs you. The ball python constricts you.
You escape the ball python's grasp.
The bat barely misses you.
The ball python attacks as you move away!
You block the ball python's attack.
The ball python attacks as you move away!
The ball python bites you but does no damage.
The ball python barely misses you. The ball python grabs you.
The ball python constricts you.
You escape the ball python's grasp.
The bat hits you but does no damage. The bat attacks as you move away!
The bat barely misses you. x3
The bat attacks as you move away! The bat barely misses you.
You block the bat's attack. The bat attacks as you move away!
The bat hits you but does no damage. The bat hits you. x2
The bat attacks as you move away! The bat barely misses you.
The bat hits you but does no damage.
Items here: ))) ††.
You slash the bat!
The bat explodes!
The fiery explosion engulfs you!!!
Ouch! That really hurt!
* * * LOW HITPOINT WARNING * * *
The fiery explosion engulfs the ball python!!
You kill the ball python!
You are engulfed in blazing flames.
Ouch! That really hurt!
You die...

#### ### #...######### #.# ###
............#######.#####.####
.............@§§.............<
............###§..#.#...##....
.......[<..## ###.............
......)..(.# ###.##........
........†..# #.##.###....
...........# #.##.# #...#
...........# #.##.# #....
...######### #.#..# #...~ ##
#...## ###.~


There were no monsters in sight!

Vanquished Creatures
  3 gnolls (D:2)
  A dart slug (D:1)
  3 endoplasms (D:1)
  3 goblins
  2 hobgoblins (D:1)
  6 jackals (D:1)
  5 ball pythons
  4 bats
  2 frilled lizards
  2 kobolds (D:1)
  A rat (D:1)
32 creatures vanquished.

Notes
Turn   | Place    | Note
-------+----------+-------------------------------------------
     0 | D:1      | greasedhog the Hill Orc Fighter began the quest for the
                  | Orb.
     0 | D:1      | Reached XP level 1. HP: 19/19 MP: 1/1
   120 | D:1      | Reached XP level 2. HP: 17/27 MP: 2/2
   390 | D:1      | Reached XP level 3. HP: 27/34 MP: 3/3
   547 | D:2      | Reached XP level 4. HP: 20/41 MP: 4/4
   684 | D:2      | HP: 2/41 [spore (38)]
   684 | D:2      | Engulfed by a cloud of flame

Illustrated notes

Levels and vault maps discovered:
D:1:      saegor_arrival_under_anarchy, layout_rooms,
          kennysheep_decorative_pillar
D:2:      kb_forest_paths, layout_rooms, minivault_14

Skill      XL: |  1  2  3 |
---------------+----------+-----
Axes           | 3 4 |  4.4
Fighting       | 4 |  4.8
Armour         | |  3.2
Shields        | |  3.2

Action                   |  1- 3 |  4- 6 || total
-------------------------+-------+-------++-------
Melee: War axe           |    62 |     5 ||    67
  Use: Scroll            |       |     3 ||     3
Armor: Scale mail        |    48 |    12 ||    60
Dodge: Dodged            |    35 |    15 ||    50
Block: Buckler           |    18 |     6 ||    24

Table legend: (Time is in decaauts)
 A = Elapsed time spent in this place.
 B = Non-inter-level travel time spent in this place.
 C = Inter-level travel time spent in this place.
 D = Time resting spent in this place.
 E = Time spent auto-exploring this place.
 F = Levels seen in this place.
 G = Mean time per level.
                   A        B        C        D        E       F      G
               +--------+--------+--------+--------+--------+-----+--------+
         Total |    711 |    702 |      9 |     81 |    432 |   2 |  355.5 |
       Dungeon |    711 |    702 |      9 |     81 |    432 |   2 |  355.5 |
               +--------+--------+--------+--------+--------+-----+--------+

Top non-repeatable levels by time:
     D:1: 530 daAuts
     D:2: 180 daAuts
